 Dungeon Crawl Stone Soup version 0.19.5 (webtiles) character file.

98 empire the Skirmisher (level 4, -3/90 HPs)
             Began as a Draconian Monk on Mar 3, 2017.
             Slain by a mummy (8 damage)
             ... in an ossuary.
             The game lasted 00:05:06 (2016 turns).

empire the Skirmisher (Draconian Monk)              Turns: 2016, Time: 00:05:07

Health: -3/90      AC: 22    Str: 18    XL:     4   Next: 44%
Magic:  4/4        EV:  2    Int: 10    God:
Gold:   87         SH:  0    Dex: 15    Spells: 0 memorised, 3 levels left

rFire  . . .     SeeInvis .     a - +0 falchion
rCold  . . .     Gourm    .     (armour unavailable)
rNeg   + + +     Faith    .     (no shield)
rPois  +         Spirit   .     (helmet currently unavailable)
rElec  .         Reflect  .     (cloak currently unavailable)
rCorr  .         Harm     .     (gloves currently unavailable)
MR     .....     NoTele   +     (boots currently unavailable)
Stlth  ..........               (no amulet)
                                (no ring)
                                p - ring of stealth

@: berserking, tree-form, very quick
A: unfitting armour, (cold-blooded), AC +5
a: no special abilities


You were in an ossuary.
You were near starving.
You were a tree.
You visited 1 branch of the dungeon, and saw 4 of its levels.
You also visited: Ossuary.

You collected 87 gold pieces.

Inventory:

Hand Weapons
 a - a +0 falchion (weapon)
Armour
 g - a +0 pair of gloves (melded)
Jewellery
 p - a ring of stealth (left branch)
Scrolls
 c - 2 scrolls of recharging
 e - a scroll of remove curse
 h - a scroll of identify
 m - a scroll of random uselessness {unknown}
 n - 2 scrolls of enchant armour {unknown}
Potions
 i - a potion of mutation
 q - 2 potions of degeneration
Comestibles
 b - a bread ration
 o - 3 fruits
 r - a slice of pizza


   Skills:
 + Level 4.2 Fighting
 + Level 3.6 Long Blades
 + Level 3.3 Dodging
 + Level 2.6 Stealth


You had 3 spell levels left.
You didn't know any spells.

Dungeon Overview and Level Annotations

Branches:
Dungeon (4/15)
 Temple: D:4-7

Altars:
Cheibriados
Elyvilon

Annotations:
D:3 Thomus's ghost, amateur MiGl
D:4 Dowan; Duvessa


Innate Abilities, Weirdness & Mutations

((Your plain brown scales are hard. (AC +5)))
You cannot fit into any form of body armour.
((You are cold-blooded and may be slowed by cold attacks.))


Message History

You barely miss the hobgoblin zombie. The mummy hits you but does no damage.
The mummy hits you!
* * * LOW HITPOINT WARNING * * *
The hobgoblin zombie hits you but does no damage.
The mummy hits you but does no damage.
It was a potion of berserk rage.
A red film seems to cover your vision as you go berserk!
You feel yourself moving faster!
You feel mighty! The mummy hits you!
* * * LOW HITPOINT WARNING * * *
The mummy barely misses you.
You riposte.
You slash the mummy!
The mummy is heavily damaged.
The mummy completely misses you.
You riposte.
You hit the mummy.
The mummy is moderately damaged.
The mummy hits you but does no damage.
The hobgoblin zombie hits you but does no damage.
You barely miss the hobgoblin zombie. The mummy hits you but does no damage.
You slash the hobgoblin zombie!
You destroy the hobgoblin zombie!
The mummy hits you but does no damage. The mummy hits you!
You die...

...##....##....
...............
..............
..........M.
#........#
#..ZMMZ# #.MMM#
#ZM♣M# #....#
#....# #....#
#....# #....#
#....# #.∩∩.#
######


You could see 8 mummies, 2 hobgoblin zombies and a gnoll zombie.

Vanquished Creatures
  3 adders (D:2)
  2 dart slugs
  2 leopard geckos
  3 giant cockroaches (D:3)
  13 goblins
  6 hobgoblins
  5 jackals
  7 kobolds
  2 quokkas
  7 bats
  A frilled lizard (D:1)
  3 hobgoblin zombies (Ossuary)
  A kobold zombie (Ossuary)
  An orc zombie (Ossuary)
  9 rats
65 creatures vanquished.

Notes
Turn   | Place    | Note
-------+----------+-------------------------------------------
     0 | D:1      | empire the Draconian Monk began the quest for the Orb.
     0 | D:1      | Reached XP level 1. HP: 19/19 MP: 1/1
   212 | D:1      | Reached XP level 2. HP: 24/26 MP: 2/2
   879 | D:2      | Reached XP level 3. HP: 31/31 MP: 3/3
  1390 | D:2      | Reached XP level 4. HP: 35/40 MP: 4/4
  1391 | D:2      | Reached skill level 4 in Fighting
  1623 | D:3      | Found a white marble altar of Elyvilon.
  1623 | D:3      | Found a snail-covered altar of Cheibriados.
  1883 | D:3      | Noticed Thomus's ghost (amateur MiGl)
  1917 | D:4      | Noticed Duvessa
  1917 | D:4      | Noticed Dowan
  1975 | D:4      | Found a sand-covered staircase.
  1987 | Ossuary  | Entered an ossuary
  2016 | Ossuary  | Slain by a mummy

Skill      XL: |  1  2  3  4 |
---------------+-------------+-----
Stealth        | 2 |  2.6
Dodging        | 3 |  3.3
Fighting       | 4 |  4.2
Long Blades    | |  3.6

Action                   |  1- 3 |  4- 6 || total
-------------------------+-------+-------++-------
Melee: Falchion          |   113 |    48 ||   161
       Tailslap          |    10 |     5 ||    15
  Use: Scroll            |       |     8 ||     8
       Potion            |       |     3 ||     3
 Stab: Sleeping          |     4 |     6 ||    10
  Eat: Chunk             |     1 |     1 ||     2
Armor: Skin              |    38 |    44 ||    82
Dodge: Dodged            |    72 |    34 ||   106
       Rpst.: Falchion   |    31 |    15 ||    46
